 Dungeon Crawl Stone Soup version 0.20-a0-470-gbb038bd (webtiles) character file.

2 hairmachine the Conjurer (level 1, 0/10 HPs)
             Began as a Tengu Conjurer on Jan 13, 2017.
             Slain by a jackal (1 damage)
             ... on level 1 of the Dungeon.
             The game lasted 00:01:17 (71 turns).

hairmachine the Conjurer (Tengu Conjurer)             Turns: 71, Time: 00:01:19

Health: 0/10       AC:  2    Str:  8    XL:     1   Next: 40%
Magic:  0/4        EV: 12    Int: 15    God:
Gold:   0          SH:  0    Dex: 14    Spells: 3/4 levels left

rFire  . . .     SeeInvis .     (no weapon)
rCold  . . .     Gourm    .     a - +0 robe
rNeg   . . .     Faith    .     (no shield)
rPois  .         Spirit   .     (helmet restricted)
rElec  .         Reflect  .     (no cloak)
rCorr  .         Harm     .     (no gloves)
MR     .....                    (boots unavailable)
Stlth  ++........               (no amulet)
                                (no ring)
                                (no ring)

@: very slightly contaminated
A: beak, talons 3
a: no special abilities


You were on level 1 of the Dungeon.
You were not hungry.

You visited 1 branch of the dungeon, and saw 1 of its levels.


Innate Abilities, Weirdness & Mutations

You have a beak for a mouth.
You have claws for feet.


   Skills:
 - Level 2.1 Dodging
 - Level 2.0 Stealth
 - Level 2.0 Spellcasting
 + Level 5.5 Conjurations


You had 3 spell levels left.
You knew the following spells:

 Your Spells              Type           Power        Failure   Level  Hunger
z - Magic Dart            Conj           ###.         1%          1    #......

Inventory:

Armour
 a - a +0 robe (worn)
Books
 b - a book of Conjurations

   Spells                             Type                      Level
   a - Magic Dart                     Conjuration                  1
   b - Searing Ray                    Conjuration                  2
   c - Dazzling Spray                 Conjuration/Hexes            3
   d - Fulminant Prism                Conjuration/Hexes            4
   e - Iskenderun's Mystic Blast      Conjuration                  4
   f - Iskenderun's Battlesphere      Conjuration/Charms           5
Comestibles
 c - a bread ration

Dungeon Overview and Level Annotations

Branches:
Dungeon (1/15)

Altars:

.......)# #.# ....
.#####h.# ##@#..# #
####.h####h....#
.!..##....#g..h.#...#
...........r###...#.#
......#...#.####.##.#
.....###.........# #
......#..##.######
.........##.#
..#>.....##.#
.###.....##.##
(<#......#...#
.........#.#.#
......#....#...
.....###h#####...
......#.... .#...
.....g...#.# . ##


You could see 2 jackals.


Message History

The kobold shouts!
Found a murky inky potion.
You see here 18 sling bullets.
A jackal comes into view.
The jackal barks!
A jackal comes into view.
Found an escape hatch in the floor.
The jackal barely misses you.
A jackal comes into view.
The jackal barks!
A jackal comes into view.
A goblin and a hobgoblin come into view.
The jackal barks!
The goblin shouts!
The jackal misses you. The jackal closely misses you.
The jackal closely misses you.
Casting: Magic Dart
Confirm with . or Enter, or press ? or * to list all spells.
You don't know that spell.
Casting: Magic Dart
Confirm with . or Enter, or press ? or * to list all spells.
Aiming: Magic Dart
Press: ? - help, Shift-Dir - straight line, f - jackal
Aim: a jackal The magic dart hits the jackal.
The jackal is moderately wounded.
The jackal bites you but does no damage.
Casting: Magic Dart
Confirm with . or Enter, or press ? or * to list all spells.
Aiming: Magic Dart
Press: ? - help, Shift-Dir - straight line, f/p - jackal
Aim: a jackal (moderately wounded)
The magic dart hits the jackal.
The jackal is moderately wounded.
The jackal closely misses you.
Casting: Magic Dart
Confirm with . or Enter, or press ? or * to list all spells.
Aiming: Magic Dart
Press: ? - help, Shift-Dir - straight line, f/p - jackal
Aim: a jackal (moderately wounded)
The magic dart hits the jackal.
The jackal is heavily wounded.
The jackal closely misses you. x2
Casting: Magic Dart
Confirm with . or Enter, or press ? or * to list all spells.
Aiming: Magic Dart
Press: ? - help, Shift-Dir - straight line, f/p - jackal
Aim: a jackal (heavily wounded)
The magic dart hits the jackal.
You kill the jackal!
* * * LOW MAGIC WARNING * * *
The hobgoblin shouts!
Found a hunting sling.
Casting: Magic Dart
Confirm with . or Enter, or press ? or * to list all spells.
Aiming: Magic Dart
Press: ? - help, Shift-Dir - straight line, f - kobold
Aim: a kobold, wielding a short sword The magic dart hits the kobold.
* * * LOW MAGIC WARNING * * *
The kobold closely misses you.
Casting: Magic Dart
Confirm with . or Enter, or press ? or * to list all spells.
Aiming: Magic Dart
Press: ? - help, Shift-Dir - straight line, f/p - kobold
Aim: a kobold, wielding a short sword You miscast Magic Dart.
You are very lightly contaminated with residual magic.
Nothing appears to happen.
The kobold closely misses you.
Casting: Magic Dart
Confirm with . or Enter, or press ? or * to list all spells.
Aiming: Magic Dart
Press: ? - help, Shift-Dir - straight line, f/p - kobold
Aim: a kobold, wielding a short sword The magic dart hits the kobold.
The kobold is severely wounded.
* * * LOW MAGIC WARNING * * *
The kobold hits you with a short sword.
* * * LOW HITPOINT WARNING * * *
Huge Dmg: -40%(-4hp) hp: 60%(6hp)
A rat comes into view.
The rat moves out of view.
Casting: Magic Dart
Confirm with . or Enter, or press ? or * to list all spells.
Aiming: Magic Dart
Press: ? - help, Shift-Dir - straight line, f/p - kobold
Aim: a kobold, wielding a short sword (heavily wounded)
The magic dart hits the kobold.
You kill the kobold!
The goblin shouts!
* * * LOW MAGIC WARNING * * *
The jackal bites you.
* * * LOW HITPOINT WARNING * * *
The goblin hits you.
* * * LOW HITPOINT WARNING * * *
Huge Dmg: -50%(-5hp) hp: 10%(1hp)
The hobgoblin shouts!
The jackal bites you but does no damage.
The jackal bites you.
You die...

Vault maps used:
D:1:      minmay_arrival_five_plusses, serial_park_tiny_pond,
          minmay_misc_feat_five

Notes
Turn   | Place    | Note
-------+----------+-------------------------------------------
     0 | D:1      | hairmachine the Tengu Conjurer began the quest for the Orb.
     0 | D:1      | Reached XP level 1. HP: 10/10 MP: 4/4
    71 | D:1      | Slain by a jackal

Vanquished Creatures
  A jackal (D:1)
  A kobold (D:1)
2 creatures vanquished.

Action                   || total
-------------------------++-------
 Cast: Magic Dart        ||     7
Armor: Robe              ||     2
Dodge: Dodged            ||     9
